Map: Dash and Terminal LE (Void)

Players

Dwarda - Winner!

  • Race: Zerg Zerg
  • League: Bronze

wabbajack

  • Race: Zerg Zerg
  • League: Gold

VOD

Have the link to the VOD?

Description

Time

  • Played on: July 20, 2015, 11:30 a.m.
  • Length: 5:10
Show
View Real Time Build Order
Export as new Build Order

Dwarda Zerg - Winner!

Build Orders: Hatch First 

Get SALT Encoding   

  12  0:01  Drone  
  13  0:22  Drone  
  14  0:37  Hatchery  
  14  0:41  Overlord  
  13  0:47  Drone  
  14  0:55  Extractor  
  13  1:04  Drone  
  14  1:25  Drone x3  
  17  1:31  Spawning Pool  
  16  1:38  Drone  
  18  2:01  Drone x3  
  18  2:02  Overlord  
  20  2:18  Metabolic Boost  
  20  2:22  Drone x2, Queen  
  24  2:24  Queen  
  26  2:37  Zergling x8  
  26  2:42  Overlord  
  30  2:48  Overlord  
  30  2:57  Baneling Nest  
  29  3:07  Drone  
  29  3:08  Drone x3  
  33  3:14  Drone  
  33  3:15  Drone  
  35  3:25  Drone  
  35  3:39  Zergling x8  
  35  3:40  Zergling x4  
  41  3:41  Drone x3  
  42  3:51  Drone x2  
  44  3:57  Spine Crawler x2  
  42  4:03  Drone x2  
  42  4:06  Lair  
  42  4:07  Overlord x2  
  43  4:18  Zergling x2  
  43  4:24  Overlord  
  43  4:28  Zergling x2  
  43  4:29  Zergling x10  
  43  4:30  Spine Crawler  
  47  4:36  Zergling x2  
  47  4:37  Spine Crawler, Zergling x2  
  47  4:39  Spine Crawler  
  47  4:45  Baneling  
  45  4:48  Zergling x2  
  45  4:49  Zergling x6  
Show
View Real Time Build Order
Export as new Build Order

wabbajack Zerg 

Build Orders: Pool First 

Get SALT Encoding   

  12  0:01  Drone  
  13  0:14  Overlord  
  13  0:22  Drone  
  13  0:27  Drone, Extractor  
  15  0:40  Spawning Pool  
  14  0:43  Drone  
  14  0:48  Extractor  
  14  0:49  Drone  
  15  0:53  Drone  
  16  0:57  Drone  
  17  1:14  Drone  
  18  1:23  Drone  
  19  1:27  Queen  
  21  1:39  Drone, Spine Crawler  
  21  1:42  Overlord  
  21  1:53  Roach Warren  
  21  1:54  Zergling x2  
  21  2:02  Drone  
  22  2:34  Overlord  
  22  2:36  Roach x4  
  30  2:44  Overlord  
  30  2:59  Queen  
  30  3:01  Hatchery  
  30  3:22  Roach x4  
  38  3:49  Overlord  
  38  3:52  Roach x4  
  45  4:32  Spine Crawler  
  45  4:33  Drone x2  
  45  4:38  Hatchery  
Tags
 
Add a new tag
Caveats
  • Supply blocks, unpowered buildings, or Contaminate may cause inaccurate times.
  • Supply counts are checked every 10 seconds.